 Dungeon Crawl Stone Soup version 0.31-a0-1042-ga9834b393d (webtiles) character file.

Game seed: 2141147293564582350

575 Dirtsage the Trooper (level 7, 52/55 HPs)
             Began as a Demonspawn Berserker on Nov 20, 2023.
             Was a Believer of Trog.
             Quit the game on level 4 of the Dungeon.
             The game lasted 00:04:30 (2933 turns).

Dirtsage the Trooper (Demonspawn Berserker)         Turns: 2933, Time: 00:04:30

Health: 52/55      AC:  5    Str: 19    XL:     7   Next: 12%
Magic:  7/7        EV: 12    Int:  9    God:    Trog [**....]
Gold:   181        SH:  6    Dex: 12    Spells: 6/6 levels left

rFire   . . .        a - +0 hand axe
rCold   . . .        (no shield)
rNeg    . . .        r - +0 ring mail
rPois   .            (no helmet)
rElec   .            (no cloak)
rCorr   .            (no gloves)
SInv    .            (no boots)
Will    .....        (no amulet)
Stlth   +            (no ring)
HPRegen 0.29/turn    (no ring)
MPRegen 0.10/turn

%: no passive effects
@: no status effects
A: large bone plates 2, foul stench 1, demonic magic 1
a: Renounce Religion, Berserk, Trog's Hand


You were on level 4 of the Dungeon.
You worshipped Trog.
Trog was pleased with you.
You visited 1 branch of the dungeon, and saw 4 of its levels.

You collected 181 gold pieces.

Inventory:

Hand Weapons
 a - a +0 hand axe (weapon)
Armour
 b - a +0 animal skin
 r - a +0 ring mail (worn)
Jewellery
 s - an amulet of magic regeneration
Wands
 q - a wand of paralysis (11)
Scrolls
 f - a scroll of fog
 g - a scroll of fear
 i - 2 scrolls of identify
 m - 2 scrolls of poison {unknown}
 t - 2 scrolls of teleportation {unknown}
Potions
 c - a potion of might {unknown}
 d - 4 potions of mutation
 e - a potion of lignification {unknown}
 h - a potion of curing {unknown}
 j - 2 potions of enlightenment {unknown}
 k - 2 potions of haste {unknown}
 l - a potion of heal wounds {unknown}
 n - a potion of degeneration {unknown}
 o - 2 potions of attraction {unknown}
 p - a potion of brilliance {unknown}
 u - a potion of ambrosia {unknown}


   Skills:
 + Level 4.8 Fighting
 + Level 4.3 Axes
 + Level 3.8 Armour
 + Level 3.8 Dodging


You had 6 spell levels left.
You didn't know any spells.
Your spell library contained the following spells:

 Spells                   Type           Power      Damage    Failure   Level
 Apportation              Tloc           0%         N/A       56%         1
 Foxfire                  Conj/Fire      0%         2x1d4     56%         1
 Shock                    Conj/Air       0%         1d3       56%         1
 Jinxbite                 Hex            0%         N/A       71%         2
 Scorch                   Fire           0%         2d5       71%         2
 Sublimation of Blood     Necr           0%         N/A       71%         2
 Wereblood                Tmut           0%         N/A       71%         2
 Sticky Flame             Conj/Fire      0%         2d3       100%        4
 Alistair's Intoxication  Tmut/Pois      0%         N/A       100%        5
 Arcjolt                  Conj/Air       0%         1d10      100%        5
 Freezing Cloud           Conj/Ice/Air   0%         6-21      100%        5
 Irradiate                Conj/Tmut      0%         3d11      100%        5
 Plasma Beam              Fire/Air       0%         2x1d10    100%        6
 Starburst                Conj/Fire      0%         6d3       100%        6
 Summon Hydra             Summ           0%         N/A       100%        7


Dungeon Overview and Level Annotations

Branches:
Dungeon (4/15)
 Temple: D:4-7

Altars:
Gozag
Ru
Uskayaw


Innate Abilities, Weirdness & Mutations

You are mostly covered in large bone plates. (SH +6)
You may rarely emit foul miasma when damaged in melee.
Spells you cast may paralyse adjacent enemies.


Message History

The black bear claws you but does no damage.
You take 2 damage, and have 32/49 hp.
You are too injured to fight recklessly!
A red film seems to cover your vision as you go berserk!
You feel yourself moving faster!
You feel mighty! You block the black bear's attack.
The black bear closely misses you. The black bear misses you.
You now have 48/73 hp.
You hit the black bear.
The black bear is moderately wounded.
The black bear bites you.
The black bear claws you but does no damage.
The black bear claws you.
You take 6 damage, and have 42/73 hp.
You slash the black bear!
The black bear is severely wounded.
The black bear barely misses you. The black bear closely misses you.
You block the black bear's attack.
You slash the black bear!
You kill the black bear!
Trog accepts your kill.
You have reached level 7!
Your demonic ancestry asserts itself...
A menacing aura infuses your magic.
You regained 5 hp, and now have 47/82 hp.
MP restored: 7 You start resting.
You feel a strong urge to attack something.
You start resting.
You feel your anger nearly subside.
You are no longer berserk.
You are exhausted.
You feel yourself slow down.
You now have 32/55 hp.
You start resting.
You feel yourself speed up.
You regained 15 hp, and now have 47/55 hp.
You start resting.
You recover from your berserk rage.
You regained 5 hp, and now have 52/55 hp.
Are you sure you want to abandon this character and quit the game? (Confirm with "yes".)

#...........#≈...≈#...#~.
#..#.##...÷.#.._..#...#~.
#.......###.#######...#~.
#.......# #...........#.~
#.##....# #...........#.. .
#.#...#.###..(....)<[..#. #.
####..#..#........÷.[...# )..
#.##..#...>..............
....#.#.....@##..............
......%....)###.......#.....#
..#.....##...##..##..####..##
#.##.?###.).##.....####.## ..
##†)###..)........#### ..
#(#.# ###........^.# ...#..
####.......# ##..#..#
##..#...# #..#..# #####.##


There were no monsters in sight!

Vanquished Creatures
  A black bear (D:4)
  A bullfrog (D:4)
  2 scorpions (D:4)
  2 hounds (D:4)
  A gnoll bouda (D:4)
  3 orc wizards
  3 gnolls (D:4)
  2 adders
  5 worms
  4 dart slugs
  3 orcs
  4 bats
  3 endoplasms (D:1)
  5 giant cockroaches
  7 hobgoblins
  7 jackals (D:2)
  3 kobolds
  3 quokkas
  A ball python (D:2)
  4 frilled lizards
  6 goblins
  5 rats
75 creatures vanquished.

Notes
Turn   | Place    | Note
-------+----------+-------------------------------------------
     0 | D:1      | Dirtsage the Demonspawn Berserker began the quest for the
                  | Orb.
     0 | D:1      | Reached XP level 1. HP: 18/18 MP: 1/1
   142 | D:1      | Gained mutation: You are partially covered in large bone
                  | plates. (SH +4) [demonic ancestry]
   142 | D:1      | Reached XP level 2. HP: 22/24 MP: 2/2
   338 | D:1      | Got the Volume of Atmospheric Calefaction
   617 | D:2      | Reached XP level 3. HP: 16/29 MP: 3/3
   903 | D:2      | Reached ** piety under Trog
   995 | D:2      | Found an opulent altar of Gozag.
  1675 | D:3      | Reached XP level 4. HP: 35/35 MP: 4/4
  2231 | D:4      | Gained mutation: You are mostly covered in large bone
                  | plates. (SH +6) [demonic ancestry]
  2231 | D:4      | Reached XP level 5. HP: 19/42 MP: 5/5
  2448 | D:4      | Found a sacrificial altar of Ru.
  2519 | D:4      | Found a hide-covered altar of Uskayaw.
  2573 | D:4      | Gained mutation: You may rarely emit foul miasma when
                  | damaged in melee. [demonic ancestry]
  2573 | D:4      | Reached XP level 6. HP: 17/48 MP: 6/6
  2879 | D:4      | Gained mutation: Spells you cast may paralyse adjacent
                  | enemies. [demonic ancestry]
  2879 | D:4      | Reached XP level 7. HP: 47/55 MP: 7/7
  2933 | D:4      | Quit the game

Illustrated notes

Levels and vault maps discovered:
D:1:      dpeg_arrival_orchard, layout_basic, serial_bayou_pond_b
D:2:      layout_rooms, basic_altar, corexii_leaking_fountain
D:3:      minmay_inner_zag, layout_basic, nicolae_wormholes
D:4:      minmay_evil_eye, layout_cave_pools, nicolae_ru_awakened_eye,
          nicolae_uskayaw_suspiria, minmay_overflow_temple_star_hex,
          lemuel_tele_altar, serial_demonic, serial_demonic_e, serial_demonic_b,
          serial_demonic_g, serial_demonic_g, columned_hall_lemuel

Skill      XL: |  1  2  3  4  5  6 |
---------------+-------------------+-----
Armour         | 2 3 |  3.8
Dodging        | 2 3 |  3.8
Axes           | 3 4 |  4.3
Fighting       | 4 |  4.8

Action                     |  1- 3 |  4- 6 |  7- 9 || total
---------------------------+-------+-------+-------++-------
  Melee: Hand axe          |   146 |   137 |       ||   283
 Invoke: Berserk           |     2 |     5 |       ||     7
         Trog's Hand       |       |     1 |       ||     1
    Use: Scroll            |     3 |       |       ||     3
 Armour: Animal skin       |    55 |       |       ||    55
         Ring mail         |    19 |   112 |       ||   131
  Dodge: Dodged            |    95 |    77 |       ||   172
  Block: Other             |    24 |    40 |       ||    64

Table legend: (Time is in decaauts)
 A = Elapsed time spent in this place.
 B = Non-inter-level travel time spent in this place.
 C = Inter-level travel time spent in this place.
 D = Time resting spent in this place.
 E = Time spent auto-exploring this place.
 F = Levels seen in this place.
 G = Mean time per level.
                   A        B        C        D        E       F      G
               +--------+--------+--------+--------+--------+-----+--------+
         Total |   3055 |   2938 |    117 |    340 |   2031 |   4 |  763.8 |
       Dungeon |   3055 |   2938 |    117 |    340 |   2031 |   4 |  763.8 |
               +--------+--------+--------+--------+--------+-----+--------+

Top non-repeatable levels by time:
     D:3: 991 daAuts
     D:2: 773 daAuts
     D:4: 666 daAuts
     D:1: 624 daAuts
